Map: Newkirk Precinct TE (Void)

Players

BIGFLLA

  • Race: Protoss Protoss
  • League: Silver
  • Spawn Location: 7:00

BronzeDTodaY - Winner!

  • Race: Zerg Zerg
  • League: Gold
  • Spawn Location: 5:00

VOD

Have the link to the VOD?

Description

Time

  • Played on: March 21, 2017, 3:19 a.m.
  • Length: 11:38
Show
View Real Time Build Order
Export as new Build Order

BIGFLLA Protoss 

Build Orders: Oracle Opening 

Get SALT Encoding   

  12  0:01  Probe (Chrono Boost)  
  13  0:11  Probe (Chrono Boost)  
  14  0:21  Pylon  
  14  0:26  Probe (Chrono Boost)  
  15  0:31  Assimilator  
  15  0:39  Probe (Chrono Boost)  
  16  0:47  Gateway  
  16  0:52  Probe (Chrono Boost)  
  17  1:03  Probe (Chrono Boost)  
  18  1:18  Pylon  
  18  1:29  Pylon  
  18  1:38  Cybernetics Core  
  18  1:42  Probe (Chrono Boost)  
  19  1:52  Probe (Chrono Boost)  
  19  1:55  Assimilator  
  19  2:05  Probe (Chrono Boost)  
  20  2:10  Pylon  
  20  2:13  Pylon  
  20  2:27  Pylon  
  20  2:28  Warp Gate  
  20  2:30  Stalker  
  22  2:45  Stargate  
  23  2:54  Probe (Chrono Boost)  
  23  3:06  Probe (Chrono Boost)  
  24  3:16  Gateway  
  24  3:19  Stalker  
  26  3:35  Mothership Core (Chrono Boost)  
  28  3:44  Oracle  
  31  4:17  Stalker  
  31  4:21  Stalker  
  35  4:43  Nexus  
  35  4:46  Assimilator  
  35  4:47  Oracle, Stalker  
  35  4:50  Assimilator  
  35  4:51  Stalker  
  35  4:52  Pylon  
  40  5:17  Stalker  
  40  5:20  Probe (Chrono Boost)  
  40  5:21  Stalker  
  45  6:18  Void Ray  
  42  6:21  Stalker x2  
  50  6:34  Probe (Chrono Boost)  
  50  6:35  Probe (Chrono Boost)  
  52  6:45  Probe (Chrono Boost)  
  54  6:48  Probe (Chrono Boost)  
  54  6:51  Stalker x2  
  58  6:55  Probe (Chrono Boost), Void Ray  
  58  7:00  Probe (Chrono Boost)  
  64  7:03  Pylon  
  64  7:06  Probe (Chrono Boost)  
  65  7:10  Pylon  
  65  7:12  Probe (Chrono Boost)  
  66  7:16  Probe (Chrono Boost)  
  68  7:24  Protoss Air Weapons Level 1, Probe (Chrono Boost)  
  68  7:32  Void Ray  
  68  7:33  Probe (Chrono Boost)  
  68  7:36  Probe (Chrono Boost)  
  75  7:45  Probe (Chrono Boost)  
  75  7:56  Pylon  
  75  8:01  Pylon  
  75  8:09  Probe x2 (Chrono Boost)  
  75  8:10  Void Ray  
  77  8:18  Sentry  
  77  8:19  Sentry  
  87  8:21  Probe x2 (Chrono Boost)  
  87  8:59  Adept x2  
  87  9:01  Phoenix  
  91  9:04  Protoss Air Armor Level 1  
  93  9:20  Nexus  
  93  9:23  Phoenix  
  93  9:24  Pylon  
  93  9:28  Pylon  
  95  9:33  Sentry x2  
  99  9:45  Phoenix  
  87  10:06  Phoenix, Stalker  
  87  10:07  Stalker  
  77  10:14  Pylon  
  77  10:28  Phoenix  
  79  10:36  Stalker x2  
  83  10:50  Phoenix  
  82  11:12  Nexus, Phoenix  
  82  11:16  Assimilator  
  72  11:21  Assimilator  
Show
View Real Time Build Order
Export as new Build Order

BronzeDTodaY Zerg - Winner!

Build Orders: Hatch First 

Get SALT Encoding   

  12  0:09  Drone  
  12  0:10  Drone  
  14  0:18  Overlord  
  14  0:39  Drone x2  
  16  0:53  Hatchery  
  16  0:55  Extractor  
  14  0:57  Drone  
  14  1:02  Drone  
  16  1:09  Drone  
  17  1:27  Drone x2  
  19  1:39  Overlord  
  19  1:44  Spawning Pool  
  18  1:59  Drone x2  
  20  2:06  Drone  
  21  2:16  Drone  
  21  2:17  Drone  
  21  2:19  Extractor  
  21  2:22  Drone  
  23  2:29  Drone  
  24  2:31  Queen  
  24  2:35  Zergling x2  
  27  2:39  Queen  
  29  2:50  Roach Warren, Drone  
  29  2:55  Drone  
  31  2:58  Drone  
  31  3:11  Lair  
  31  3:13  Drone x2  
  33  3:20  Spore Crawler  
  33  3:22  Drone  
  33  3:25  Overlord  
  33  3:31  Drone  
  34  3:34  Drone  
  34  3:37  Drone  
  34  3:39  Overlord  
  36  3:53  Drone x3  
  36  3:54  Drone  
  40  4:10  Glial Reconstitution  
  40  4:15  Roach x5  
  40  4:16  Roach  
  52  4:20  Overlord  
  52  4:29  Hatchery  
  50  4:54  Drone x4  
  50  4:57  Extractor  
  50  4:58  Extractor, Drone x2  
  54  5:14  Overseer  
  54  5:15  Overseer  
  54  5:20  Spire  
  53  5:23  Drone  
  53  5:24  Drone x5  
  53  5:26  Overlord x3  
  59  5:33  Overlord  
  59  5:43  Drone  
  59  5:44  Drone  
  59  5:46  Drone  
  59  5:48  Drone  
  59  5:49  Queen, Drone x2  
  67  5:51  Overlord  
  67  5:59  Infestation Pit  
  67  6:04  Spore Crawler  
  62  6:07  Spore Crawler  
  61  6:16  Drone x3  
  64  6:19  Spore Crawler  
  61  6:29  Drone  
  61  6:31  Drone  
  61  6:32  Queen, Drone x2  
  65  6:38  Hive  
  67  6:41  Drone  
  67  6:46  Drone x3  
  71  6:48  Overlord  
  71  6:49  Drone  
  71  6:50  Drone  
  71  6:51  Drone  
  74  7:07  Drone  
  75  7:11  Drone x2  
  75  7:12  Drone  
  75  7:13  Extractor  
  77  7:16  Extractor, Drone  
  77  7:23  Pneumatized Carapace  
  77  7:42  Drone x3  
  77  7:43  Drone x2  
  82  7:47  Corruptor x5  
  92  7:51  Greater Spire  
  92  8:00  Overlord x2  
  92  8:04  Drone  
  93  8:10  Corruptor  
  93  8:11  Corruptor x2  
  99  8:13  Corruptor  
  99  8:14  Corruptor x2  
  105  8:21  Hatchery  
  104  8:29  Corruptor x2  
  104  8:30  Corruptor x2  
  104  8:33  Overlord x2  
  112  8:55  Corruptor  
  112  8:56  Corruptor x7  
  112  8:57  Corruptor  
  112  8:59  Overlord x2  
  130  9:08  Brood Lord x2  
  135  9:12  Roach x2  
  135  9:17  Spine Crawler  
  137  9:21  Brood Lord  
  139  9:26  Hatchery  
  138  9:42  Drone  
  138  9:43  Drone  
  138  9:45  Spine Crawler  
  139  9:46  Spine Crawler  
  130  10:20  Roach x5  
  130  10:21  Roach x7  
  150  10:22  Overlord  
  150  10:23  Overlord x3  
  154  10:35  Overlord x3  
  154  10:43  Hatchery  
  151  11:05  Brood Lord x3  
  151  11:08  Corruptor x2  
Tags
 
Add a new tag
Caveats
  • Supply blocks, unpowered buildings, or Contaminate may cause inaccurate times.
  • Supply counts are checked every 10 seconds.